 Dungeon Crawl Stone Soup version 0.29.1-1-gd02db69 (webtiles) character file.

Game seed: 9039014511523473037

199 Timinator the Ruffian (level 5, -1/33 (41) HPs)
             Began as a Demigod Transmuter on Dec 19, 2022.
             Slain by an orc wizard
             ... wielding a +2 dagger of draining
              (2 damage)
             ... on level 3 of the Dungeon.
             The game lasted 00:07:18 (2569 turns).

Timinator the Ruffian (Demigod Transmuter)          Turns: 2569, Time: 00:07:18

HP:   -1/33 (41)    AC:  5    Str: 15    XL:     5   Next: 23%
MP:   11/11         EV: 12    Int: 15    God:
Gold: 150           SH:  0    Dex: 14    Spells: 5/8 levels left

rFire   . . .      SeeInvis .     - Unarmed
rCold   . . .      Faith    .   (no shield)
rNeg    . . .      Spirit   .   n - +0 leather armour
rPois   .          Reflect  .   (no helmet)
rElec   .          Harm     .   o - +1 cloak
rCorr   .          Rampage  .   (no gloves)
Will    .....                   (no boots)
Stlth   +.........              (no amulet)
HPRegen 0.11/turn               (no ring)
MPRegen 0.12/turn               (no ring)

@: wereblooded (expiring), heavily drained
A: high MP 1, forlorn, divine attributes
a: no special abilities


You were on level 3 of the Dungeon.
You visited 1 branch of the dungeon, and saw 3 of its levels.

You collected 150 gold pieces.

Inventory:

Armour
 b - a +0 ring mail
 n - a +0 leather armour (worn)
 o - a +1 cloak (worn)
 p - a +0 helmet
Jewellery
 c - a ring of ice
 d - an amulet of magic regeneration
Scrolls
 g - a scroll of brand weapon {unknown}
 i - a scroll of silence {unknown}
 j - a scroll of magic mapping {unknown}
 k - 2 scrolls of amnesia {unknown}
 l - 2 scrolls of identify {unknown}
 m - 2 scrolls of enchant armour {unknown}
 r - a scroll of immolation {unknown}
Potions
 a - a potion of heal wounds {unknown}
 e - 2 potions of invisibility {unknown}
 f - a potion of attraction {unknown}
 h - 2 potions of resistance {unknown}
 q - a potion of haste {unknown}


   Skills:
 * Level 1.9 Fighting
 * Level 1.5 Armour
 * Level 2.7 Dodging
 + Level 3.5 Unarmed Combat
 + Level 2.2 Spellcasting
 * Level 2.7 Transmutations


You had 5 spell levels left.
You knew the following spells:

 Your Spells              Type           Power      Damage    Failure   Level
a - Beastly Appendage     Tmut           18%        N/A       9%          1
b - Wereblood             Tmut           9%         N/A       13%         2

Your spell library contained the following spells:

 Spells                   Type           Power      Damage    Failure   Level
 Sublimation of Blood     Necr           1%         N/A       38%         2
 Spider Form              Tmut/Pois      5%         N/A       41%         3
 Ice Form                 Ice/Tmut       5%         N/A       83%         4
 Summon Hydra             Summ           0%         N/A       100%        7


Dungeon Overview and Level Annotations

Branches:
Dungeon (3/15)

Shops:
D:2 (


Innate Abilities, Weirdness & Mutations

You have an increased reservoir of magic. (+10% MP)
You shall have no god before yourself.
Your divine heritage dramatically boosts your attributes as you level up.


Message History

The orc wizard is healed somewhat.
You're too confused to move!
The orc wizard hits you but does no damage.
You feel drained.
You bump into the rock wall.
The orc wizard barely misses you.
The orc priest calls upon Beogh to heal the orc wizard.
The orc wizard's wounds heal themselves!
You bump into the rock wall.
The orc wizard casts a spell at you. The puff of flame hits you.
You miss the orc wizard. The orc wizard barely misses you.
You barely miss the orc wizard.
The orc wizard hits you with a +2 dagger of draining.
You feel drained.
The orc wizard attacks as you move away!
The orc wizard barely misses you.
You feel less confused.
Your primal bloodlust is almost over.
You hit the orc wizard but do no damage.
The orc wizard closely misses you.
You hit the orc wizard.
The orc wizard is moderately wounded.
The orc wizard hits you with a +2 dagger of draining.
You feel drained.
You hit the orc wizard.
The orc wizard is heavily wounded.
The orc wizard hits you but does no damage.
You feel drained.
You closely miss the orc wizard.
The orc wizard is heavily wounded.
The orc wizard hits you with a +2 dagger of draining.
You feel drained.
The orc priest calls down the wrath of Beogh upon you.
Beogh smites you!
* * * LOW HITPOINT WARNING * * *
You hit the orc wizard.
The orc wizard is severely wounded.
The orc wizard hits you with a +2 dagger of draining.
* * * LOW HITPOINT WARNING * * *
You feel drained.
You die...

#....# ###..# ##.# #.# #.# #.#
#(# #.# #@# #o# #o#
#########.##### #..<..........#
#.........###.#
########.###.....###.#####.#
...........................#
###.####.###.....###.#########.#


You could see an orc priest and an orc wizard.

Vanquished Creatures
  Terence (D:2)
  Jessica (D:2)
  An orc wizard (D:3)
  Robin (D:2)
  4 adders
  A worm (D:2)
  4 dart slugs
  2 orcs (D:3)
  7 bats
  7 endoplasms
  4 giant cockroaches
  10 goblins
  6 hobgoblins
  7 jackals
  5 kobolds
  2 quokkas (D:1)
  2 ball pythons
  3 frilled lizards
  5 rats
73 creatures vanquished.

Notes
Turn   | Place    | Note
-------+----------+-------------------------------------------
     0 | D:1      | Timinator the Demigod Transmuter began the quest for the
                  | Orb.
     0 | D:1      | Reached XP level 1. HP: 15/15 MP: 5/5
    48 | D:1      | Reached skill level 1 in Fighting
   205 | D:1      | Reached XP level 2. HP: 23/23 MP: 5/7
   304 | D:1      | Reached skill level 3 in Unarmed Combat
   740 | D:2      | Noticed Terence
   759 | D:2      | Killed Terence
   760 | D:2      | Reached XP level 3. HP: 7/28 MP: 6/8
  1273 | D:2      | Learned a level 2 spell: Wereblood
  1291 | D:2      | Found Fill's Antique Weapon Shop.
  1478 | D:2      | Reached XP level 4. HP: 32/35 MP: 7/9
  1760 | D:2      | Reached skill level 1 in Armour
  1762 | D:2      | Noticed Robin
  1789 | D:2      | Killed Robin
  1791 | D:2      | HP: 1/36 [hobgoblin[Robin] (6)]
  2120 | D:2      | Noticed Jessica
  2126 | D:2      | Killed Jessica
  2374 | D:3      | Reached XP level 5. HP: 41/41 MP: 7/11
  2503 | D:3      | Noticed a shadow
  2569 | D:3      | HP: 1/34 [orc wizard/+2 dagger of draining (6)]
  2569 | D:3      | Slain by an orc wizard

Illustrated notes

Levels and vault maps discovered:
D:1:      lemuel_arrival_room, layout_rooms, chequers_ecumenical_altar_simple
D:2:      layout_loops_ring, serial_shops, shop, uniq_terence, uniq_robin,
          uniq_jessica
D:3:      layout_loops_ring, riverfiend_overflow_shadow_ancestor

Skill      XL: |  1  2  3  4 |
---------------+-------------+-----
Fighting       | 1 |  1.9
Dodging        | 2 |  2.7
Unarmed Combat | 3 |  3.5
Transmutations | 2 |  2.7
Spellcasting   | 2 |  2.2
Armour         | 1 |  1.5

Action                   |  1- 3 |  4- 6 || total
-------------------------+-------+-------++-------
Melee: Unarmed           |    96 |   118 ||   214
       Kick              |    22 |    21 ||    43
       Headbutt          |    11 |    13 ||    24
       Punch             |     4 |       ||     4
 Cast: Beastly Appendage |    15 |    14 ||    29
       Wereblood         |       |     1 ||     1
  Use: Potion            |     1 |       ||     1
Armor: Robe              |    14 |       ||    14
       Skin              |     2 |       ||     2
       Leather armour    |     7 |    39 ||    46
Dodge: Dodged            |    65 |    67 ||   132
